 Dungeon Crawl Stone Soup version 0.21.1-1-g345015fe64 (webtiles) character file.

209 Lentor the Ruffian (level 5, 0/42 (46) HPs)
             Began as a Ghoul Monk on June 6, 2018.
             Slain by a jackal (1 damage)
             ... on level 3 of the Dungeon.
             The game lasted 00:07:52 (2941 turns).

Lentor the Ruffian (Ghoul Monk)                     Turns: 2941, Time: 00:07:52

HP:   0/42 (46)     AC:  2    Str: 16    XL:     5   Next: 87%
MP:   4/4           EV: 13    Int:  5    God:
Gold: 130           SH:  0    Dex: 11    Spells: 4/4 levels left

rFire    . . .     SeeInvis .     - Unarmed
rCold    + . .     Gourm    .   (no shield)
rNeg     + + +     Faith    .   a - +0 robe
rPois    ∞         Spirit   .   (no helmet)
rElec    .         Reflect  .   (no cloak)
rCorr    .         Harm     .   (no gloves)
MR       .....                  (no boots)
Stlth    ++........             (no amulet)
HPRegen  0.00/turn              (no ring)
MPRegen  0.09/turn              (no ring)

@: rotting
A: rotting body, claws 1, carnivore, cold resistance 1, negative energy
resistance 3, inhibited regeneration, torment resistance, unbreathing
a: no special abilities


You were on level 3 of the Dungeon.
You were hungry.

You visited 1 branch of the dungeon, and saw 3 of its levels.

You collected 130 gold pieces.

Inventory:

Armour
 a - a +0 robe (worn)
Wands
 k - a wand of iceblast (8)
Scrolls
 d - 2 scrolls of identify {unknown}
 e - 3 scrolls of remove curse {unknown}
 f - a scroll of enchant armour {unknown}
 h - a scroll of amnesia {unknown}
 j - a scroll of immolation {unknown}
 m - a scroll of teleportation {unknown}
Potions
 c - a potion of brilliance {unknown}
 g - 2 potions of might {unknown}
 i - a potion of curing {unknown}
 l - a potion of mutation {unknown}
Comestibles
 b - 4 rations


   Skills:
 + Level 4.0 Fighting
 + Level 3.6 Dodging
 + Level 2.8 Stealth
 + Level 5.5 Unarmed Combat


You had 4 spell levels left.
You didn't know any spells.

Dungeon Overview and Level Annotations

Branches:
Dungeon (3/15)

Altars:

Annotations:
D:3 Purgy


Innate Abilities, Weirdness & Mutations

Your body is rotting away.
You thrive on raw meat.
You are immune to poison.
You have sharp fingernails.
You are carnivorous and can eat meat at any time.
Your flesh is cold resistant. (rC+)
You are immune to negative energy. (rN+++)
You do not regenerate when monsters are visible.
You are immune to unholy pain and torment.
You can survive without breathing.


Message History

The jackal misses you. The jackal barely misses you.
The jackal closely misses you.
Things that are here:
a club; a leather armour
Items here: ))) [ a flail; a club; a robe; a short sword You see here a goblin skeleton.
The jackal barely misses you.
You see here a goblin skeleton.
You see here a jackal skeleton.
The jackal bites you.
* * * LOW HITPOINT WARNING * * *
The jackal closely misses you.
You see here a rat skeleton.
The jackal closely misses you. The jackal completely misses you.
The jackal barely misses you. The jackal bites you.
You die...

#.# ... #.#
r..o #.#
....h#### #.#
#hT..h#
#.#########
#.#.#o#
#..†...#.. #
#h#
######.#.####
#.#
###.#....#
#.########
#......#@###
#.........
#.#.##.#.h.#
##########
#.#..#.###T#
# ...#.# #h#
#####.# #.#
.....###h#
#######
.........####
#.....#
######....÷.#
###.....#
........#.#
#.......#


You could see Purgy and 2 jackals.

Vanquished Creatures
  An orc priest (D:3)
  Ijyb (D:2)
  4 adders (D:2)
  2 worms
  A dart slug (D:1)
  A leopard gecko (D:2)
  11 orcs (D:3)
  2 ball pythons (D:2)
  7 giant cockroaches
  10 goblins
  6 hobgoblins
  18 jackals
  10 bats
  8 kobolds
  7 rats
89 creatures vanquished.

Notes
Turn   | Place    | Note
-------+----------+-------------------------------------------
     0 | D:1      | Lentor the Ghoul Monk began the quest for the Orb.
     0 | D:1      | Reached XP level 1. HP: 19/19 MP: 0/0
   146 | D:1      | Reached XP level 2. HP: 26/26 MP: 1/1
   542 | D:1      | Reached XP level 3. HP: 28/29 MP: 2/2
  1224 | D:2      | Reached skill level 4 in Unarmed Combat
  1632 | D:2      | Reached XP level 4. HP: 30/40 MP: 3/3
  2229 | D:3      | Noticed Ijyb
  2257 | D:2      | Killed Ijyb
  2257 | D:2      | Reached skill level 5 in Unarmed Combat
  2257 | D:2      | Reached XP level 5. HP: 31/44 MP: 4/4
  2859 | D:3      | Noticed Purgy
  2929 | D:3      | HP: 1/42 [jackal (2)]
  2941 | D:3      | Slain by a jackal

Skill      XL: |  1  2  3  4  5 |
---------------+----------------+-----
Dodging        | 3 |  3.6
Unarmed Combat | 4 5 |  5.5
Fighting       | 4 |  4.0
Stealth        | |  2.8

Action                   |  1- 3 |  4- 6 || total
-------------------------+-------+-------++-------
Melee: Unarmed           |   113 |   182 ||   295
       Punch             |     1 |     2 ||     3
 Stab: Sleeping          |     3 |     4 ||     7
  Eat: Chunk             |     2 |     4 ||     6
Armor: Robe              |    18 |    41 ||    59
Dodge: Dodged            |    74 |   141 ||   215
